 Dungeon Crawl Stone Soup version 0.20.1-1-g8b1a95d (webtiles) character file.

107 juspike the Cudgeler (level 4, -2/41 HPs)
             Began as a Minotaur Berserker on Oct 5, 2017.
             Was a Believer of Trog.
             Slain by a hornet (8 damage)
             ... on level 3 of the Dungeon.
             The game lasted 00:28:26 (2808 turns).

juspike the Cudgeler (Minotaur Berserker)           Turns: 2808, Time: 00:28:26

Health: -2/41      AC:  6    Str: 25    XL:     4   Next: 56%
Magic:  3/3        EV: 11    Int:  4    God:    Trog [**....]
Gold:   142        SH:  3    Dex: 10    Spells: 3/3 levels left

rFire    . . .     SeeInvis .   a - +0 mace
rCold    . . .     Gourm    .   x - +0 buckler
rNeg     . . .     Faith    .   C - +0 ring mail
rPois    +         Spirit   .   (helmet restricted)
rElec    .         Reflect  .   (no cloak)
rCorr    .         Harm     .   (no gloves)
MR       .....                  y - +0 pair of boots
Stlth    ..........             (no amulet)
Regen    0.2/turn               h - +3 ring of strength
MPRegen  0.1/turn               v - ring of poison resistance

@: no status effects
A: retaliatory headbutt, horns 2
a: Berserk, Trog's Hand, Burn Spellbooks, Renounce Religion


You were on level 3 of the Dungeon.
You worshipped Trog.
Trog was pleased with you.
You were hungry.

You visited 1 branch of the dungeon, and saw 3 of its levels.

You collected 142 gold pieces.

Inventory:

Hand Weapons
 a - a +0 mace (weapon)
 f - a +0 club
 g - a +0 antimagic spear
 l - a cursed -3 whip
 p - a +0 hand axe
 z - a +0 whip
 F - a +0 quarterstaff
Missiles
 k - 47 arrows
Armour
 b - a +0 animal skin
 d - a +0 leather armour
 n - a +0 leather armour
 x - a +0 buckler (worn)
 y - a +0 pair of boots (worn)
 C - a +0 ring mail (worn)
Magical Staves
 D - an uncursed staff of fire
Jewellery
 e - an uncursed ring of resist corrosion
 h - a +3 ring of strength (left hand)
 v - a ring of poison resistance (right hand)
Scrolls
 c - a scroll of noise {unknown}
 i - 2 scrolls of identify
 r - a scroll of fear
 t - a scroll of remove curse
 w - a scroll of recharging
 B - 2 scrolls of enchant weapon {unknown}
 E - a scroll of random uselessness {unknown}
Potions
 j - a potion of brilliance
 m - a potion of resistance {unknown}
 o - a potion of might {unknown}
 q - a potion of curing
 u - a potion of lignification
Comestibles
 s - 2 bread rations
 G - a royal jelly


   Skills:
 + Level 4.6 Fighting
 + Level 5.0 Maces & Flails
 + Level 3.0 Armour
 + Level 2.8 Dodging
 + Level 0.1 Stealth


You had 3 spell levels left.
You didn't know any spells.

Dungeon Overview and Level Annotations

Branches:
Dungeon (3/15)

Altars:


Innate Abilities, Weirdness & Mutations

You reflexively headbutt those who attack you in melee.
You have a pair of horns on your head.


Message History

You headbutt the hornet, but do no damage.
You hit the hornet but do no damage. Your headbutt misses the hornet.
The hornet barely misses you.
You barely miss the hornet. The hornet stings you!
You feel yourself slow down. The hornet stings you.
You closely miss the hornet. Your headbutt misses the hornet.
You are feeling hungry.
The hornet stings you. The hornet stings you!
* * * LOW HITPOINT WARNING * * *
You are poisoned.
The hornet stings you!
* * * LOW HITPOINT WARNING * * *
You feel as though you will be slow longer.
You feel better. The hornet barely misses you. x2
The hornet stings you but does no damage.
You feel yourself speed up. The hornet stings you!
* * * LOW HITPOINT WARNING * * *
You feel better. The hornet stings you!
You die...

#.... #...#.
## ####....
.. #......#
%#
#......##>.#
#......).#
#......#
#....y.##
#...@...#
#.......#
###'###.#
#.# .# #####
#.# .. ....#
#.# ###
###.#
########.#
#.#
#........#
#.#
#.########


You could see a hornet.

Vanquished Creatures
  5 adders
  3 worms
  3 leopard geckos
  4 giant cockroaches
  5 goblins
  5 hobgoblins
  2 jackals (D:1)
  2 quokkas (D:2)
  7 bats
  5 frilled lizards
  5 kobolds
  6 rats
52 creatures vanquished.

Notes
Turn   | Place    | Note
-------+----------+-------------------------------------------
     0 | D:1      | juspike the Minotaur Berserker began the quest for the Orb.
     0 | D:1      | Reached XP level 1. HP: 19/19 MP: 0/0
   269 | D:1      | Reached skill level 4 in Maces & Flails
   269 | D:1      | Reached XP level 2. HP: 27/27 MP: 1/1
  1045 | D:2      | Reached XP level 3. HP: 24/33 MP: 2/2
  1664 | D:2      | Reached ** piety under Trog
  1689 | D:2      | Reached XP level 4. HP: 37/41 MP: 3/3
  1845 | D:2      | Reached skill level 5 in Maces & Flails
  2798 | D:3      | Noticed a hornet
  2804 | D:3      | HP: 1/41 [hornet (11)]
  2808 | D:3      | Slain by a hornet

Skill      XL: |  1  2  3  4 |
---------------+-------------+-----
Maces & Flails | 4 5 |  5.0
Fighting       | 4 |  4.6
Armour         | 3 |  3.0
Dodging        | |  2.8
Stealth        | |  0.1

Action                   |  1- 3 |  4- 6 || total
-------------------------+-------+-------++-------
Melee: Mace              |    65 |    39 ||   104
       Headbutt          |    11 |     9 ||    20
  Use: Potion            |     1 |     2 ||     3
       Scroll            |       |     7 ||     7
  Eat: Bread ration      |     1 |       ||     1
       Chunk             |       |     1 ||     1
Armor: Animal skin       |     6 |       ||     6
       Leather armour    |     9 |       ||     9
       Ring mail         |     2 |     9 ||    11
Dodge: Dodged            |    47 |    22 ||    69
Block: Buckler           |     4 |     2 ||     6
